 Dungeon Crawl Stone Soup version 0.30-b1-2-g02819fbbbe (webtiles) character file.

Game seed: 10991622307186851657

60 sanka the Vexing (level 3, 0/26 HPs)
             Began as a Demigod Enchanter on May 17, 2023.
             Slain by a gnoll
             ... wielding a +0 flail
              (4 damage)
             ... on level 3 of the Dungeon.
             The game lasted 00:05:15 (2354 turns).

sanka the Vexing (Demigod Enchanter)                Turns: 2354, Time: 00:05:16

Health: 0/26       AC:  5    Str:  9    XL:     3   Next: 57%
Magic:  5/8        EV: 10    Int: 21    God:
Gold:   61         SH:  0    Dex: 14    Spells: 3/6 levels left

rFire   . . .        q - +0 morningstar
rCold   . . .        (no shield)
rNeg    . . .        e - +0 ring mail
rPois   .            (no helmet)
rElec   .            (no cloak)
rCorr   +            (no gloves)
SInv    .            (no boots)
Will    .....        (no amulet)
Stlth   +            h - ring of resist corrosion
HPRegen 0.24/turn    (no ring)
MPRegen 0.11/turn

%: no passive effects
@: very slightly contaminated
A: high MP 1, forlorn, divine attributes
a: no special abilities


You were on level 3 of the Dungeon.
You visited 1 branch of the dungeon, and saw 3 of its levels.

You collected 61 gold pieces.

Inventory:

Hand Weapons
 a - a +1 dagger
 m - a +0 rapier
 q - a +0 morningstar (weapon)
Missiles
 k - 12 poisoned darts (quivered)
Armour
 b - a +0 robe
 e - a +0 ring mail (worn)
Jewellery
 h - a ring of resist corrosion (left hand)
Scrolls
 d - a scroll of identify {unknown}
 f - a scroll of summoning {unknown}
 j - a scroll of fear {unknown}
 l - a scroll of teleportation {unknown}
 o - a scroll of vulnerability {unknown}
 p - a scroll of immolation {unknown}
Potions
 c - 2 potions of invisibility
 g - a potion of curing {unknown}
 i - a potion of mutation {unknown}
 n - a potion of degeneration {unknown}


   Skills:
 - Level 0.8 Short Blades
 - Level 1.7 Dodging
 - Level 2.6 Stealth
 - Level 2.0 Spellcasting
 + Level 4.2 Hexes


You had 3 spell levels left.
You knew the following spells:

 Your Spells              Type           Power      Damage    Failure   Level
a - Confusing Touch       Hex            20%        N/A       22%         3

Your spell library contained the following spells:

 Spells                   Type           Power      Damage    Failure   Level
 Tukima's Dance           Hex            20%        N/A       22%         3
 Ensorcelled Hibernation  Hex/Ice        22%        N/A       26%         2
 Freeze                   Ice            8%         1d3       38%         1
 Dazzling Flash           Conj/Hex       22%        N/A       45%         3
 Frozen Ramparts          Ice            4%         1d1       77%         3
 Hailstorm                Conj/Ice       2%         3d3       77%         3


Dungeon Overview and Level Annotations

Branches:
Dungeon (3/15)


Innate Abilities, Weirdness & Mutations

You have an increased reservoir of magic. (+10% MP)
You shall have no god before yourself.
Your divine heritage dramatically boosts your attributes as you level up.


Message History

The goblin attacks as you move away! The goblin closely misses you.
You barely miss the goblin. The goblin hits you with a +0 dagger.
You hit the goblin.
You kill the goblin!
The goblin barely misses you.
You puncture the goblin!
You kill the goblin!
Casting: Confusing Touch (extremely dangerous; 22% risk of failure)
Confirm with . or Enter, or press ? or * to list all spells.
The spell is extremely dangerous to miscast (22% risk of failure)!
Continue anyway? [Y]es or [N]o only, please.
The spell is extremely dangerous to miscast (22% risk of failure)!
Continue anyway?
Okay, then.
Casting: Confusing Touch (extremely dangerous; 22% risk of failure)
Confirm with . or Enter, or press ? or * to list all spells.
The spell is extremely dangerous to miscast (22% risk of failure)!
Continue anyway?
Your hands begin to glow red.
Found 12 gold pieces.
Your hands stop glowing.
You hit the gnoll.
The gnoll is moderately wounded.
The gnoll barely misses you. The gnoll hits you with a +0 flail.
You barely miss the gnoll.
The gnoll is moderately wounded.
The gnoll hits you with a +0 flail. The gnoll attacks as you move away!
The gnoll hits you with a +0 flail!
Casting: Confusing Touch (extremely dangerous; 22% risk of failure)
Confirm with . or Enter, or press ? or * to list all spells.
The spell is extremely dangerous to miscast (22% risk of failure)!
Continue anyway?
You miscast Confusing Touch.
You are very lightly contaminated with residual magic.
Nothing appears to happen.
The gnoll barely misses you.
You hit the gnoll.
The gnoll is heavily wounded.
The gnoll completely misses you. The gnoll hits you with a +0 flail.
* * * LOW HITPOINT WARNING * * *
You hit the gnoll.
The gnoll is almost dead.
The gnoll hits you with a +0 flail.
You die...

################
#...@gggg......#
#.############.# #.#
########.# #
.........# .g~~♣♣~
#######.g## ..~PgP~♣
.....$....#
~.P~~P~~########.g.#
.~Pg~P~♣g..#####...#


You could see 4 gnolls.

Vanquished Creatures
  3 dart slugs
  6 ball pythons
  2 endoplasms
  4 giant cockroaches
  9 goblins
  7 hobgoblins
  2 jackals (D:1)
  2 quokkas (D:2)
  2 bats
  2 frilled lizards (D:2)
  4 kobolds
  5 rats
48 creatures vanquished.

Vanquished Creatures (others)
  A plant (D:3)
1 creature vanquished.

Grand Total: 49 creatures vanquished

Notes
Turn   | Place    | Note
-------+----------+-------------------------------------------
     0 | D:1      | sanka the Demigod Enchanter began the quest for the Orb.
     0 | D:1      | Reached XP level 1. HP: 14/14 MP: 5/5
   289 | D:1      | Reached skill level 3 in Hexes
   308 | D:1      | Reached XP level 2. HP: 6/20 MP: 7/7
   501 | D:1      | You fall into a shaft and drop 1 floor!
   804 | D:1      | Reached XP level 3. HP: 22/26 MP: 8/8
   822 | D:1      | Learned a level 3 spell: Confusing Touch
  1565 | D:2      | Reached skill level 4 in Hexes
  2354 | D:3      | Slain by a gnoll

Illustrated notes

Levels and vault maps discovered:
D:1:      arrival_zaba_pyramid, layout_basic, minmay_crystal_water
D:2:      layout_basic, serial_aquarium, aquarium_bridge_long_joined
          [aquarium_subvault_wall, aquarium_subvault_balcony,
          aquarium_subvault_bridge, aquarium_subvault_window,
          aquarium_subvault_bridge, aquarium_subvault_wall],
          aquarium_window_fake, aquarium_window_1, aquarium_view_2f,
          aquarium_view_2c, aquarium_balcony_double_1, kennysheep_nub
D:3:      layout_loops_ring, mainiacjoe_overflow_boulevard, serial_bayou_ford_a,
          uniq_sigmund

Skill      XL: |  1  2  3 |
---------------+----------+-----
Spellcasting   | 2 |  2.0
Hexes          | 3 4 |  4.2
Short Blades   | |  0.8
Dodging        | |  1.7
Stealth        | |  2.6

Action                     || total
---------------------------++-------
  Melee: Dagger            ||    73
         Punch             ||     5
         Mace              ||    77
         Rapier            ||    43
         Morningstar       ||    23
   Cast: Confusing Touch   ||     1
   Stab: Sleeping          ||     3
 Armour: Ring mail         ||    91
  Dodge: Dodged            ||   108
